 Dungeon Crawl Stone Soup version 0.21.1-1-g345015f (webtiles) character file.

231 inc the Changer (level 6, 0/38 HPs)
             Began as an Octopode Transmuter on June 10, 2018.
             Was an Initiate of Makhleb.
             Succumbed to a worker ant's poison
             ... on level 4 of the Dungeon.
             The game lasted 00:06:10 (3921 turns).

inc the Changer (Octopode Transmuter)               Turns: 3921, Time: 00:06:10

Health: 0/38       AC:  1    Str: 14    XL:     6   Next: 4%
Magic:  18/18      EV: 13    Int: 18    God:    Makhleb [......]
Gold:   110        SH:  0    Dex: 12    Spells: 3/9 levels left

rFire    . . .     SeeInvis .     - Unarmed
rCold    . . .     Gourm    .   (no shield)
rNeg     + . .     Faith    .   (helmet restricted)
rPois    .         Spirit   .   (no amulet)
rElec    .         Reflect  .   e - ring of flight
rCorr    .         Harm     .   m - ring of magical power
MR       .....                  o - ring of positive energy
Stlth    ++........             (no ring)
HPRegen  0.12/turn              (no ring)
MPRegen  0.16/turn              (no ring)
                                (no ring)
                                (no ring)

@: mighty, lethally poisoned (0 -> -4)
A: almost no armour, stealthy swim, amphibious, 8 rings, constrict 8, camouflage
1, gelatinous body 1
a: Renounce Religion, Evoke Flight


You were on level 4 of the Dungeon.
You worshipped Makhleb.
Makhleb was noncommittal.
You were very hungry.

You visited 1 branch of the dungeon, and saw 4 of its levels.

You collected 110 gold pieces.

Inventory:

Missiles
 a - 46 arrows
Jewellery
 e - a ring of flight (left tentacle)
 m - a ring of magical power (right tentacle)
 n - an uncursed amulet of faith
 o - a ring of positive energy (on tentacle)
Scrolls
 d - 4 scrolls of identify {unknown}
 f - 2 scrolls of magic mapping {unknown}
 g - a scroll of enchant weapon {unknown}
 h - a scroll of fear {unknown}
 i - 2 scrolls of remove curse {unknown}
 j - 2 scrolls of amnesia {unknown}
 k - 2 scrolls of teleportation {unknown}
Books
 b - a book of Changes

   Spells                             Type                      Level
   a - Beastly Appendage              Transmutation                1
   b - Sticks to Snakes               Transmutation                2
   c - Spider Form                    Transmutation/Poison         3
   d - Ice Form                       Ice/Transmutation            4
   e - Blade Hands                    Transmutation                5
Comestibles
 c - 7 rations


   Skills:
 - Level 1.0 Fighting
 - Level 2.0 Dodging
 - Level 3.0 Unarmed Combat
 - Level 2.0 Spellcasting
 + Level 6.1 Transmutations


You had 3 spell levels left.
You knew the following spells:

 Your Spells              Type           Power        Failure   Level  Hunger
a - Beastly Appendage     Tmut           ###...       1%          1    #......
b - Sticks to Snakes      Tmut           ###.....     2%          2    ###....
c - Spider Form           Tmut/Pois      ##........   16%         3    ###....


Dungeon Overview and Level Annotations

Branches:
Dungeon (4/15)
 Temple: D:4-7

Altars:
Ashenzari
Makhleb
Qazlal
Trog
Uskayaw
Xom

Annotations:
D:3 Kagorn's ghost, amateur HuBe


Innate Abilities, Weirdness & Mutations

You cannot wear most types of armour.
You are very stealthy in the water. (Stealth+)
You are amphibious.
You can wear up to eight rings at the same time.
You can use your tentacles to constrict eight enemies at once.
Your skin changes colour to match your surroundings (Stealth+).
Your rubbery body absorbs attacks. (AC +1, EV +1)


Message History

* * * LOW HITPOINT WARNING * * *
You feel sick.
* * * LOW HITPOINT WARNING * * *
You feel sick.
* * * LOW HITPOINT WARNING * * *
You feel sick.
* * * LOW HITPOINT WARNING * * *
You feel sick.
* * * LOW HITPOINT WARNING * * *
You feel sick.
* * * LOW HITPOINT WARNING * * *
You feel sick.
Your tentacle spike disappears.
* * * LOW HITPOINT WARNING * * *
You feel sick.
* * * LOW HITPOINT WARNING * * *
You feel sick.
* * * LOW HITPOINT WARNING * * *
You feel sick.
You die...

######## #......#
#......# #.<....#
#...<..# #####
#......###...##
#...@..##)....####
#......#..........
#......#.......##
######.........#
#..............#
#.#######.........
$.......##
#........#
#..........


There were no monsters in sight!

Vanquished Creatures
  An orc wizard (D:3)
  2 worker ants
  2 gnolls (D:3)
  3 adders
  An ooze (D:1)
  A worm (D:2)
  2 dart slugs (D:1)
  4 leopard geckos (D:2)
  8 orcs
  6 bats
  2 giant cockroaches (D:2)
  7 goblins
  5 hobgoblins
  11 jackals
  7 kobolds
  5 quokkas
  5 frilled lizards
  6 rats
78 creatures vanquished.

Vanquished Creatures (collateral kills)
  2 gnolls (D:3)
2 creatures vanquished.

Vanquished Creatures (others)
  4 plants (D:3)
4 creatures vanquished.

Grand Total: 84 creatures vanquished

Notes
Turn   | Place    | Note
-------+----------+-------------------------------------------
     0 | D:1      | inc the Octopode Transmuter began the quest for the Orb.
     0 | D:1      | Reached XP level 1. HP: 13/13 MP: 3/3
    51 | D:1      | Reached XP level 2. HP: 13/18 MP: 5/5
   233 | D:1      | Reached skill level 3 in Transmutations
   443 | D:1      | Found a shattered altar of Ashenzari.
   591 | D:1      | Reached XP level 3. HP: 21/23 MP: 6/6
   996 | D:2      | Learned a level 2 spell: Sticks to Snakes
  1000 | D:2      | Learned a level 3 spell: Spider Form
  1185 | D:2      | Reached skill level 4 in Transmutations
  1268 | D:2      | Found a hide-covered altar of Uskayaw.
  1273 | D:2      | Reached XP level 4. HP: 22/28 MP: 7/7
  1274 | D:2      | Found a stormy altar of Qazlal.
  1279 | D:2      | Found a burning altar of Makhleb.
  1279 | D:2      | Found a bloodstained altar of Trog.
  1280 | D:2      | Found a shattered altar of Ashenzari.
  1284 | D:2      | Became a worshipper of Makhleb the Destroyer
  1913 | D:3      | Found a shimmering altar of Xom.
  2477 | D:3      | Reached skill level 5 in Transmutations
  2477 | D:3      | Reached XP level 5. HP: 21/33 MP: 8/8
  3293 | D:3      | Noticed Kagorn's ghost (amateur HuBe)
  3908 | D:4      | Reached skill level 6 in Transmutations
  3908 | D:4      | Reached XP level 6. HP: 10/38 MP: 9/9
  3919 | D:4      | HP: 1/38 [poisoned by a worker ant]
  3921 | D:4      | Succumbed to a worker ant's poison

Skill      XL: |  1  2  3  4  5 |
---------------+----------------+-----
Transmutations | 3 4 5 6 |  6.1
Fighting       | |  1.0
Dodging        | |  2.0
Unarmed Combat | |  3.0
Spellcasting   | |  2.0

Action                   |  1- 3 |  4- 6 || total
-------------------------+-------+-------++-------
Melee: Unarmed           |    94 |   116 ||   210
       Constrict         |    19 |    32 ||    51
       Tentacles         |    12 |    19 ||    31
       Kick              |     5 |    12 ||    17
       Punch             |     1 |     2 ||     3
 Cast: Beastly Appendage |     2 |     6 ||     8
       Sticks to Snakes  |       |     6 ||     6
  Use: Potion            |       |     3 ||     3
 Stab: Sleeping          |    10 |     8 ||    18
  Eat: Chunk             |     1 |     8 ||     9
Armor: Skin              |     8 |     3 ||    11
Dodge: Dodged            |    64 |    59 ||   123
